 Dungeon Crawl Stone Soup version 0.26.1-11-gd32895ea62 (webtiles) character file.

Game seed: 10546106927341183788

43 Almogavar the Covered (level 3, -3/30 HPs)
             Began as a Barachi Fighter on May 12, 2021.
             Slain by a goblin
             ... wielding a +0 club
             ... led by Robin
              (8 damage)
             ... on level 2 of the Dungeon.
             The game lasted 00:04:55 (1215 turns).

Almogavar the Covered (Barachi Fighter)             Turns: 1215, Time: 00:04:56

Health: -3/30      AC:  8    Str: 30    XL:     3   Next: 58%
Magic:  3/3        EV:  8    Int:  8    God:
Gold:   65         SH: 10    Dex: 11    Spells: 2/2 levels left

rFire    . . .     SeeInvis .   a - +0 long sword
rCold    . . .     Faith    .   c - +0 kite shield
rNeg     . . .     Spirit   .   b - +0 scale mail
rPois    .         Reflect  .   (no helmet)
rElec    .         Harm     .   (no cloak)
rCorr    .         Rampage  .   n - +0 pair of gloves
Will     .....                  (no boots)
Stlth    ..........             (no amulet)
HPRegen  0.10/turn              h - +6 ring of strength
MPRegen  0.08/turn              o - +6 ring of strength

@: slow
A: +LOS, swims, slowness 1, strong legs 1
a: Hop


You were on level 2 of the Dungeon.
You visited 1 branch of the dungeon, and saw 2 of its levels.

You collected 65 gold pieces.

Inventory:

Hand Weapons
 a - a +0 long sword (weapon)
Armour
 b - a +0 scale mail (worn)
 c - a +0 kite shield (worn)
 n - a +0 pair of gloves (worn)
Jewellery
 h - a +6 ring of strength (left hand)
 m - an uncursed ring of wizardry
 o - a +6 ring of strength (right hand)
Scrolls
 e - a scroll of amnesia {unknown}
 g - a scroll of fear {unknown}
 i - a scroll of identify {unknown}
 l - a scroll of enchant weapon {unknown}
Potions
 d - a potion of might
 f - a potion of brilliance {unknown}
 j - a potion of heal wounds {unknown}
 k - a potion of cancellation {unknown}


   Skills:
 + Level 3.9 Fighting
 + Level 3.0 Long Blades
 + Level 4.1 Armour
 + Level 0.5 Dodging
 + Level 3.9 Shields


You had 2 spell levels left.
You didn't know any spells.
Your spell library was empty.

Dungeon Overview and Level Annotations

Branches:
Dungeon (2/15)

Altars:

Annotations:
D:2 Robin


Innate Abilities, Weirdness & Mutations

You can be seen from farther away. (+LOS)
You can swim through water.
You cover ground slowly.
You can hop short distances.


Message History

You block the goblin's attack.
Unknown command.
You slash the goblin!
You kill the goblin!
The hobgoblin hits you but does no damage.
The goblin hits you.
* * * LOW HITPOINT WARNING * * *
You block the goblin's attack.
Robin hits you from afar with a +0 spear.
* * * LOW HITPOINT WARNING * * *
You block the goblin's attack. The goblin hits you but does no damage.
The goblin hits you.
* * * LOW HITPOINT WARNING * * *
Robin throws the goblin at you! The goblin hits you with a +0 club.
* * * LOW HITPOINT WARNING * * *
The hobgoblin barely misses you.
Unknown command.
You completely miss the goblin. You block the goblin's attack.
The goblin hits you with a +0 club!
You die...

[# #.# ..#
########..#
#<#......###.
#.#......... .
##g#g.....####...
#.g@g............
#.g#gg...........
#######.#.#####..
...#.# #####.# .#
.# .. ##


You could see Robin, a hobgoblin (strong) and 5 goblins.

Vanquished Creatures
  A ball python (D:1)
  5 bats (D:1)
  4 giant cockroaches (D:1)
  9 goblins
  4 hobgoblins (D:1)
  4 kobolds (D:1)
  5 frilled lizards (D:1)
  7 rats (D:1)
39 creatures vanquished.

Notes
Turn   | Place    | Note
-------+----------+-------------------------------------------
     0 | D:1      | Almogavar the Barachi Fighter began the quest for the Orb.
     0 | D:1      | Reached XP level 1. HP: 18/18 MP: 1/1
   157 | D:1      | Reached XP level 2. HP: 25/25 MP: 2/2
   367 | D:1      | Reached skill level 4 in Armour
   367 | D:1      | Reached XP level 3. HP: 26/30 MP: 3/3
  1198 | D:2      | Noticed Robin
  1215 | D:2      | Slain by a goblin

Illustrated notes

Levels and vault maps discovered:
D:1:      evilmike_arrival_rings, layout_basic
D:2:      layout_basic, general_overflow_altar, lemuel_doored_altar,
          tso_oasis_becter, kennysheep_cross_bottleneck, minivault_24,
          uniq_robin

Skill      XL: |  1  2  3 |
---------------+----------+-----
Armour         | 4 |  4.1
Long Blades    | 3 |  3.0
Fighting       | |  3.9
Dodging        | |  0.5
Shields        | |  3.9

Action                   || total
-------------------------++-------
Melee: Long sword        ||   113
Armor: Scale mail        ||    57
Dodge: Dodged            ||    45
Block: Kite shield       ||    66
       Rpst.: Long sword ||    13
